 Dungeon Crawl Stone Soup version 0.22.1-2-g9c5b331383 (webtiles) character file.

545 Freyura the Ruffian (level 7, -4/67 HPs)
             Began as a Troll Berserker on Dec 8, 2018.
             Was a Priest of Trog.
             Slain by a mummy (6 damage)
             ... in an ossuary.
             The game lasted 00:07:03 (2474 turns).

Freyura the Ruffian (Troll Berserker)               Turns: 2474, Time: 00:07:03

Health: -4/67      AC:  5    Str: 26    XL:     7   Next: 6%
Magic:  6/6        EV: 10    Int:  3    God:    Trog [***...]
Gold:   166        SH:  0    Dex: 11    Spells: 6/6 levels left

rFire    . . .     SeeInvis .     - Unarmed
rCold    . . .     Gourm    +   (no shield)
rNeg     . . .     Faith    .   a - +0 animal skin
rPois    .         Spirit   .   (helmet restricted)
rElec    .         Reflect  .   (no cloak)
rCorr    .         Harm     .   (gloves unavailable)
MR       ++...                  (boots unavailable)
Stlth    +.........             (no amulet)
HPRegen  1.61/turn              (no ring)
MPRegen  0.10/turn              (no ring)

@: regenerating, slowed, very slow
A: large, unfitting armour, claws 3, fast metabolism 3, gourmand, regeneration
1, shaggy fur 1, tough skin 2
a: Berserk, Trog's Hand, Renounce Religion


You were in an ossuary.
You worshipped Trog.
Trog was most pleased with you.
You were full.

You visited 1 branch of the dungeon, and saw 4 of its levels.
You also visited: Ossuary.

You collected 166 gold pieces.

Inventory:

Armour
 a - a +0 animal skin (worn)
Wands
 n - a wand of acid (11)
Scrolls
 c - 2 scrolls of fog {unknown}
 d - 2 scrolls of magic mapping {unknown}
 e - 2 scrolls of remove curse {unknown}
 g - a scroll of noise {unknown}
 h - a scroll of blinking {unknown}
 l - a scroll of enchant weapon {unknown}
 m - 5 scrolls of identify {unknown}
 o - a scroll of enchant armour {unknown}
Potions
 f - 2 potions of berserk rage {unknown}
 i - 2 potions of might {unknown}
 j - a potion of heal wounds {unknown}
 k - 2 potions of curing {unknown}
Comestibles
 b - 13 rations


   Skills:
 + Level 3.1 Fighting
 - Level 2.4 Dodging
 + Level 0.7 Stealth
 * Level 7.5 Unarmed Combat


You had 6 spell levels left.
You didn't know any spells.
Your spell library was empty.

Dungeon Overview and Level Annotations

Branches:
Dungeon (4/15)
 Temple: D:4-7

Altars:
Nemelex Xobeh
Qazlal
Ru
Sif Muna
Uskayaw
Zin


Innate Abilities, Weirdness & Mutations

You are too large for most types of armour.
You have claws for hands.
Your metabolism is lightning-fast.
You like to eat raw meat.
Your natural rate of healing is unusually fast.
You are covered in fur. (AC +1)
You have very tough skin. (AC +2)


Message History

The mummy barely misses you.
The mummy splashes around in the water.
You barely miss the mummy.
The mummy is moderately damaged.
The mummy hits you! The mummy hits you!!
You are too injured to fight recklessly!
You are too injured to fight recklessly!
You are too injured to fight recklessly!
You are too injured to fight recklessly!
Okay, then.
Your skin crawls.
You feel resistant to hostile enchantments.
The mummy hits you!
* * * LOW HITPOINT WARNING * * *
The mummy hits you but does no damage.
You barely miss the mummy.
The mummy is moderately damaged.
The mummy hits you!
* * * LOW HITPOINT WARNING * * *
The mummy hits you.
You die...

### #≈≈ # ≈≈
#≈ ## #≈#
≈## ≈≈# #
≈P#.≈ ≈.
#≈#.≈.#≈#≈≈≈
+.≈MMM≈M≈...
##@## #...#
#.∩.# #..∩#
#####


You could see 4 mummies.

Vanquished Creatures
  Duvessa (D:4)
  An ogre (D:4)
  A scorpion (D:4)
  Dowan (D:4)
  A howler monkey (D:3)
  A centaur zombie (Ossuary)
  2 mummies (Ossuary)
  A killer bee zombie (Ossuary)
  4 adders
  An ooze (D:2)
  An adder skeleton (D:4)
  3 dart slugs
  3 ball pythons
  4 giant cockroaches
  8 goblins
  8 hobgoblins
  4 jackals (D:3)
  9 kobolds
  A quokka (D:3)
  9 bats
  5 frilled lizards
  2 goblin zombies (D:4)
  A jackal zombie (Ossuary)
  10 rats
82 creatures vanquished.

Notes
Turn   | Place    | Note
-------+----------+-------------------------------------------
     0 | D:1      | Freyura the Troll Berserker began the quest for the Orb.
     0 | D:1      | Reached XP level 1. HP: 22/22 MP: 0/0
   135 | D:1      | Reached XP level 2. HP: 26/29 MP: 1/1
   469 | D:1      | Reached ** piety under Trog
   778 | D:2      | Reached XP level 3. HP: 36/36 MP: 2/2
   818 | D:2      | Reached skill level 4 in Unarmed Combat
  1213 | D:2      | Reached XP level 4. HP: 39/44 MP: 3/3
  1836 | D:3      | Found a sparkling altar of Nemelex Xobeh.
  1928 | D:3      | Reached skill level 5 in Unarmed Combat
  1939 | D:3      | Reached XP level 5. HP: 51/52 MP: 4/4
  2088 | D:3      | Found a sacrificial altar of Ru.
  2088 | D:3      | Found a hide-covered altar of Uskayaw.
  2090 | D:3      | Found a glowing silver altar of Zin.
  2090 | D:3      | Found a deep blue altar of Sif Muna.
  2093 | D:3      | Found a stormy altar of Qazlal.
  2365 | D:4      | Noticed Dowan
  2368 | D:4      | Noticed Duvessa
  2370 | D:4      | Killed Dowan
  2370 | D:4      | Reached skill level 6 in Unarmed Combat
  2372 | D:4      | Noticed an ogre
  2378 | D:4      | Killed Duvessa
  2378 | D:4      | Reached XP level 6. HP: 26/61 MP: 5/5
  2382 | D:4      | Reached skill level 7 in Unarmed Combat
  2391 | D:4      | Found a sand-covered staircase.
  2408 | Ossuary  | Entered an ossuary
  2461 | Ossuary  | Reached *** piety under Trog
  2468 | Ossuary  | Reached XP level 7. HP: 60/67 MP: 6/6
  2474 | Ossuary  | HP: 2/67 [mummy (10)]
  2474 | Ossuary  | Slain by a mummy

Skill      XL: |  1  2  3  4  5  6 |
---------------+-------------------+-----
Unarmed Combat | 4 5 6 7 |  7.5
Fighting       | 3 |  3.1
Dodging        | |  2.4
Stealth        | |  0.7

Action                   |  1- 3 |  4- 6 |  7- 9 || total
-------------------------+-------+-------+-------++-------
Melee: Unarmed           |    87 |   123 |     5 ||   215
       Punch             |     1 |     1 |     2 ||     4
Invok: Berserk           |       |     1 |       ||     1
       Trog's Hand       |       |       |     1 ||     1
 Stab: Sleeping          |     1 |       |       ||     1
       Distracted        |       |     1 |       ||     1
  Eat: Chunk             |    17 |    10 |       ||    27
Armor: Animal skin       |    26 |    46 |     2 ||    74
Dodge: Dodged            |    46 |    67 |     2 ||   115
